 Dungeon Crawl Stone Soup version 0.24-a0-516-g9de272bb65 (webtiles) character file.

Game seed: 9283264737656195398

249219 Arthanis the Scorcher (level 18, -3/94 HPs)
             Began as a Deep Elf Fire Elementalist on July 21, 2019.
             Was the Champion of Vehumet.
             Killed from afar by an acid blob (7 damage)
             ... with a splash of acid
             ... created by the Royal Jelly
             ... on level 5 of the Pits of Slime.
             The game lasted 02:42:17 (30024 turns).

Arthanis the Scorcher (Deep Elf Fire Elementalist) Turns: 30024, Time: 02:42:18

Health: -3/94      AC:  7    Str:  5    XL:     18   Next: 87%
Magic:  42/42      EV: 19    Int: 41    God:    Vehumet [******]
Gold:   603        SH: 12    Dex: 15    Spells: 2/53 levels left

rFire    + . .     SeeInvis .   b - staff of energy
rCold    . . .     Gourm    .   J - +1 buckler
rNeg     . . .     Faith    .   X - +4 troll leather armour {Snorg}
rPois    .         Spirit   .   q - +2 helmet {Int+3}
rElec    .         Reflect  +   W - +2 cloak of Absolutism {+Blink rF+ Int+3}
rCorr    .         Harm     .   V - +0 pair of gloves
MR       +....                  (no boots)
Stlth    ++........             v - +6 amulet of reflection
HPRegen  1.65/turn              x - ring of wizardry
MPRegen  0.28/turn              y - +6 ring of intelligence

@: corroded, regenerating (expiring)
A: no striking features
}: 2/15 runes: decaying, serpentine
a: Renounce Religion, Evoke Blink


You were on level 5 of the Pits of Slime.
You worshipped Vehumet.
Vehumet was exalted by your worship.
You were not hungry.

You visited 7 branches of the dungeon, and saw 37 of its levels.
You also visited: Ossuary and Gauntlet.

You collected 3383 gold pieces.
You spent 2780 gold pieces at shops.

Inventory:

Hand Weapons
 m - the +8 hunting sling of the Nine Runes {freeze, *Slow rN+ SInv}
   (You found it on level 15 of the Dungeon)

   It causes projectiles fired from it to freeze those they strike, causing
   extra injury to most foes and up to half again as much damage against
   particularly susceptible opponents.
   They can also slow down cold-blooded creatures.
   It protects you from negative energy.
   It lets you see invisible.
   It may slow you when you take damage.
 L - the +3 Elemental Staff {rElec rF++ rC++ MR++ AC+5}
   (You found it on level 7 of the Dungeon)

   It affects your AC (+5).
   It greatly protects you from fire.
   It greatly protects you from cold.
   It insulates you from electricity.
   It affects your resistance to hostile enchantments.
Missiles
 N - 5 throwing nets (quivered)
Armour
 q - a +2 helmet of intelligence (worn)
 r - a scarf of resistance
 G - a scarf of repulsion
 J - a +1 buckler (worn)
 O - a +2 cloak of poison resistance
 V - a +0 pair of gloves (worn)
 W - the +2 cloak of Absolutism (worn) {+Blink rF+ Int+3}
   (You found it in a Gauntlet)

   It affects your intelligence (+3).
   It protects you from fire.
   It lets you blink.
 X - a +4 troll leather armour (worn) {Snorg}
Magical Staves
 a - an uncursed staff of wizardry
 b - an uncursed staff of energy (weapon)
 S - an uncursed staff of power
Jewellery
 v - a +6 amulet of reflection (around neck)
 x - a ring of wizardry (left hand)
 y - a +6 ring of intelligence (right hand)
 z - a +2 ring of strength
 M - the ring "Sompirr" {+Blink rF+ MR+ rCorr}
   (You found it on level 1 of the Snake Pit)

   [ring of resist corrosion]

   It protects you from fire.
   It affects your resistance to hostile enchantments.
   It lets you blink.
   It provides partial protection from all sources of acid and corrosion.
 R - the ring of Phasing {EV+8}
   (You found it in a Gauntlet)

   [ring of evasion]

   It affects your evasion (+8).
Wands
 i - a wand of paralysis (13)
 l - a wand of disintegration (6)
 I - a wand of digging (10)
 K - a wand of iceblast (26)
 U - a wand of acid (23)
Scrolls
 e - a scroll of amnesia
 h - 10 scrolls of fear
 n - 12 scrolls of remove curse
 t - 2 scrolls of immolation
 C - 3 scrolls of blinking
 E - 3 scrolls of magic mapping
 P - 4 scrolls of fog
 Q - 8 scrolls of teleportation
 T - a scroll of holy word
Potions
 d - 5 potions of brilliance
 f - 5 potions of mutation
 g - 4 potions of resistance
 j - a potion of agility
 k - 22 potions of curing
 o - 9 potions of flight
 s - 8 potions of might
 u - 4 potions of ambrosia
 A - 4 potions of cancellation
 B - 3 potions of haste
 D - 8 potions of heal wounds
 H - 2 potions of invisibility
 Y - 2 potions of lignification
Miscellaneous
 p - a sack of spiders
 w - a lightning rod (4/4)
 Z - 2 boxes of beasts
Comestibles
 c - 48 rations


   Skills:
 - Level 4.0 Fighting
 - Level 2.1 Armour
 - Level 13.1 Dodging
 - Level 3.1 Stealth
 - Level 4.3 Shields
 + Level 18.4 Spellcasting
 * Level 19.1 Conjurations
 - Level 2.0 Summonings
 * Level 19.3 Fire Magic
 - Level 4.1 Ice Magic
 - Level 12.3 Evocations


You had 2 spell levels left.
You knew the following spells:

 Your Spells              Type           Power        Failure   Level  Hunger
a - Fire Storm            Conj/Fire      ########..   4%          9    None
d - Fireball              Conj/Fire      ########..   0%          5    None
e - Ignition              Fire           ########..   1%          8    None
f - Bolt of Fire          Conj/Fire      ########..   1%          6    None
i - Spellforged Servitor  Conj/Summ      #######...   1%          7    None
j - Freezing Cloud        Conj/Ice/Air   #######...   1%          6    None
k - Orb of Destruction    Conj           ########..   1%          7    None
r - Regeneration          Chrm/Necr      #####.....   1%          3    None

Your spell library contained the following spells:

 Spells                   Type           Power        Failure   Level  Hunger
 Glaciate                 Conj/Ice       #######...   63%         9    None
 Flame Tongue             Conj/Fire      #####        0%          1    None
 Shock                    Conj/Air       ####         0%          1    None
 Throw Flame              Conj/Fire      ######       0%          2    None
 Throw Frost              Conj/Ice       ######       0%          2    None
 Animate Skeleton         Necr           N/A          1%          1    None
 Confusing Touch          Hex            #####.       1%          1    None
 Freeze                   Ice            ####         1%          1    None
 Pain                     Necr           ####         1%          1    None
 Summon Butterflies       Summ           ######..     1%          1    None
 Summon Small Mammal      Summ           ####         1%          1    None
 Call Imp                 Summ           ######..     1%          2    None
 Passwall                 Tmut/Erth      #####...     1%          2    None
 Swiftness                Chrm/Air       #####...     1%          2    None
 Conjure Flame            Conj/Fire      ########     0%          3    None
 Sticky Flame             Conj/Fire      ########     0%          4    None
 Call Canine Familiar     Summ           ######..     1%          3    None
 Confuse                  Hex            #####...     1%          3    None
 Gell's Gravitas          Tloc           #####.....   1%          3    None
 Inner Flame              Hex/Fire       #######.     1%          3    None
 Mephitic Cloud           Conj/Pois/Air  ######..     1%          3    None
 Ozocubu's Armour         Chrm/Ice       ######..     1%          3    None
 Static Discharge         Conj/Air       #######.     1%          3    None
 Summon Guardian Golem    Hex/Summ       #####...     1%          3    None
 Vampiric Draining        Necr           #####.....   1%          3    None
 Airstrike                Air            #####.....   1%          4    None
 Ice Form                 Ice/Tmut       ######..     1%          4    None
 Summon Ice Beast         Ice/Summ       ######..     1%          4    None
 Throw Icicle             Conj/Ice       #######.     1%          4    None
 Lightning Bolt           Conj/Air       #######...   1%          5    None
 Bolt of Cold             Conj/Ice       #######...   1%          6    None
 Conjure Ball Lightning   Conj/Air       #######...   1%          6    None
 Summon Lightning Spire   Summ/Air       #####...     3%          4    None
 Yara's Violent Unravell  Hex/Tmut       #####.....   3%          5    None
 Animate Dead             Necr           N/A          4%          4    None
 Petrify                  Tmut/Erth      #####...     4%          4    None
 Ozocubu's Refrigeration  Ice            ######....   4%          6    None
 Metabolic Englaciation   Hex/Ice        ######....   5%          5    None
 Summon Mana Viper        Hex/Summ       #####...     9%          5    None
 Silence                  Hex/Air        #####.....   12%         5    None
 Simulacrum               Ice/Necr       ######....   28%         6    None
 Deflect Missiles         Chrm/Air       #####.....   52%         6    None
 Summon Hydra             Summ           ######....   82%         7    None
 Tornado                  Air            #####.....   100%        9    None


Dungeon Overview and Level Annotations

Branches:
Dungeon (15/15)            Temple (1/1) D:5            Lair (6/6) D:8
  Swamp (4/4) Lair:4        Snake (4/4) Lair:4        Slime (5/5) Lair:6
    Orc (2/2) D:9             Elf (0/3) Orc:2        Vaults (0/5) D:14
 Depths (0/5) D:15

Altars:
Ashenzari
Cheibriados
Dithmenos
Elyvilon
Fedhas
Gozag
Hepliaklqana
Kikubaaqudgha
Makhleb
Nemelex Xobeh
Okawaru
Qazlal
Ru
Sif Muna
Trog
Uskayaw
Vehumet
Wu Jian
Xom
Yredelemnul
Zin
The Shining One
Beogh
Jiyva

Shops:
D:8 *(   Orc:2 [=

Portals:
Trove: D:15 (give 12 potions of heal wounds)

Annotations:
D:15 3 runed translucent doors, KristoblXynda's ghost, journeyman DrGl; akello96's ghost, journeyman DEFE; deorigin's ghost, journeyman CeHu; nikopol's ghost, journeyman DEFE
Lair:1 1 runed translucent door, Protee's ghost, novice GnSk
Lair:4 2 transporters, Vuydghur's ghost, adept DrCj
Lair:5 3 runed translucent doors, nikopol's ghost, journeyman DEFE
Swamp:2 2 transporters
Swamp:3 Mara
Snake:2 Vashnia
Snake:4 2 transporters, Tribosh's ghost, adept MiBe
Orc:1 2 transporters, Gruesome's ghost, journeyman OpMo


Message History

The acid blob spits acid at you. The splash of acid hits you.
The acid corrodes you!
You are splashed with acid!
The acid blob spits acid at you. The splash of acid hits you!
You are splashed with acid!
The slime creature hits you but does no damage.
The death ooze hits you but does no damage.
The death ooze hits you!
* * * LOW HITPOINT WARNING * * *
The acid blob spits acid at you. The splash of acid hits you.
* * * LOW HITPOINT WARNING * * *
The acid corrodes you!
You are splashed with acid!
* * * LOW HITPOINT WARNING * * *
A slime creature comes into view.
An azure jelly comes into view.
There is a stone staircase leading up, spattered with blood here.
Your skin is crawling a little less now.
The azure jelly quivers.
The acid blob spits acid at you. The splash of acid hits you!
You die...

...........GJ.J..
.................
........JJ.......
...............J.
.................
#................
#......J.........
........@J.......
...###...........
###.........
###.......
#...... ......
...... ......


You could see 2 acid blobs, an azure jelly, 3 slime creatures, an eye of
devastation and a death ooze.

Vanquished Creatures
  the Royal Jelly (Slime:5)
  Jorgrun (Orc:2)
  16 acid blobs
  Kirke (D:12)
  2 thorn hunters
  5 nagarajas
  9 azure jellies
  Nessos (Lair:4)
  6 dire elephants (Lair:6)
  A minotaur (Gauntlet)
  4 death oozes (Slime:5)
  3 fire dragons (Swamp:4)
  Snorg (D:10)
  Josephine (D:12)
  3 great orbs of eyes (Slime:5)
  Erolcha (D:13)
  Harold (D:9)
  A vault guard (D:14)
  20 hydras
  6 naga warriors
  3 centaur warriors (D:14)
  3 ghost crabs
  11 two-headed ogres
  4 anacondas
  13 alligators
  5 death yaks
  2 orc high priests (Orc:2)
  8 shock serpents
  A tengu warrior (D:13)
  7 naga sharpshooters
  10 spriggans
  Sonja (D:13)
  2 fire crabs (Swamp:4)
  A sixfirhy (Gauntlet)
  3 salamander mystics
  6 skeletal warriors
  3 unseen horrors
  The ghost of Azzok the Cleaver, a novice FoFi of Okawaru (D:6)
  A spriggan druid (Swamp:4)
  5 swamp dragons
  A glowing orange brain (Slime:4)
  2 naga ritualists (Snake:4)
  A lindwurm (Swamp:4)
  6 orc knights
  An orange crystal statue (D:11)
  2 wizards
  2 oklob plants
  A shining eye (Slime:3)
  4 mana vipers
  7 orc sorcerers
  6 salamanders
  2 manticores
  5 cyclopes
  8 ugly things
  7 elephants
  15 black mambas
  2 guardian serpents (Snake:4)
  14 naga magi
  A moth of wrath (Gauntlet)
  7 eyes of devastation
  Maurice (D:11)
  13 spiny frogs
  3 rime drakes
  8 komodo dragons
  A redback zombie (D:14)
  6 trolls
  An ice devil (Gauntlet)
  27 hornets
  4 blink frogs (Lair:5)
  6 dream sheep (Lair:4)
  4 tyrant leeches
  2 bog bodies (Swamp:1)
  64 slime creatures
  A meliai zombie (D:13)
  9 hippogriffs
  A centaur simulacrum (D:14)
  4 wyverns
  5 wraiths (D:12)
  2 vampires
  A tarantella (shapeshifter) (D:15)
  3 shadows
  47 yaks
  8 hogs
  A human (D:7)
  5 golden eyes (Slime:1)
  3 steam dragons (Swamp:4)
  22 vampire mosquitoes
  2 wargs (Orc:2)
  3 hungry ghosts
  A soldier ant (D:11)
  4 insubstantial wisps (Swamp:4)
  45 nagas
  15 swamp worms
  18 water moccasins
  5 acid dragons
  9 porcupines
  9 swamp drakes
  2 hornet zombies
  6 sky beasts
  3 ice beasts
  27 orc warriors
  A black bear (Lair:2)
  3 necrophages
  3 eyes of draining
  A phantom (D:4)
  21 wolves
  6 ogres
  16 centaurs
  18 crocodiles
  A big kobold (D:14)
  2 elf zombies (D:5)
  A gnoll sergeant (D:9)
  16 bullfrogs
  2 wyvern zombies
  A wyvern skeleton (D:14)
  4 scorpions
  12 killer bees
  3 jellies
  5 wights (D:13)
  3 electric eels
  7 howler monkeys
  2 lava snakes
  3 crimson imps
  4 bullfrog zombies
  7 centaur zombies
  A human zombie (D:5)
  4 hounds
  7 centaur skeletons
  15 orc priests
  2 bullfrog skeletons
  Crazy Yiuf (D:5)
  A human skeleton (D:5)
  4 iguanas
  18 orc wizards
  A hell rat (D:8)
  11 worker ants
  3 killer bee zombies
  2 hound zombies
  3 hound skeletons
  18 mummies (Ossuary)
  2 worker ant zombies (Ossuary)
  16 gnolls
  26 adders
  6 shadow imps
  2 white imps (Gauntlet)
  4 ufetubi (Gauntlet)
  3 adder zombies
  An adder skeleton (D:9)
  7 worms
  5 dart slugs
  3 leopard geckos
  60 orcs
  8 giant cockroaches
  8 goblins
  9 hobgoblins
  9 jackals
  4 quokkas
  4 ball pythons
  11 bats
  10 frilled lizards
  2 giant cockroach zombies (Ossuary)
  21 kobolds
  A leopard gecko zombie (D:8)
  2 orc skeletons (D:5)
  2 quokka skeletons (D:4)
  3 quokka zombies
  9 rats
  12 briar patches
  A fungus (Lair:1)
  4 plants
1157 creatures vanquished.

Vanquished Creatures (collateral kills)
  Rupert (Orc:2)
  2 acid blobs (Slime:5)
  2 thorn hunters
  Donald (Orc:2)
  3 azure jellies (Slime:5)
  2 nagarajas (Snake:4)
  An orc warlord (Orc:2)
  An ogre mage (D:15)
  4 naga warriors
  A death knight (D:15)
  2 death yaks (Lair:5)
  2 two-headed ogres (D:15)
  2 orc high priests (Orc:2)
  2 shock serpents (Snake:2)
  A naga sharpshooter (Snake:2)
  A salamander mystic (Snake:4)
  A cyclops (Orc:2)
  2 salamanders (Snake:4)
  An elephant (Lair:3)
  A black mamba (Snake:4)
  2 spiny frogs
  A tengu conjurer (D:13)
  3 slime creatures
  A spriggan (Swamp:3)
  An insubstantial wisp (Swamp:3)
  5 nagas (Snake:4)
  An orc warrior (Orc:2)
  An eye of draining (Slime:3)
  2 ogres
  2 lava snakes (D:11)
  A hound (D:12)
  2 orc wizards (Orc:2)
  9 orcs
  2 briar patches (Swamp:2)
66 creatures vanquished.

Vanquished Creatures (others)
  An alligator (Swamp:1)
  A naga sharpshooter (Snake:2)
  A swamp dragon (Swamp:4)
  2 slime creatures (Swamp:4)
  3 spriggans
  A shadow (D:15)
  3 steam dragons (Swamp:4)
  An insubstantial wisp (Swamp:1)
  4 swamp drakes (Swamp:4)
  5 briar patches
  62 fire vortices
  7 fungi
  4 plants
  4 withered plants
99 creatures vanquished.

Grand Total: 1322 creatures vanquished

Notes
Turn   | Place    | Note
-------+----------+-------------------------------------------
     0 | D:1      | Arthanis the Deep Elf Fire Elementalist began the quest for
                  | the Orb.
     0 | D:1      | Reached XP level 1. HP: 10/10 MP: 6/6
    88 | D:1      | Reached XP level 2. HP: 14/15 MP: 1/8
   375 | D:1      | Reached XP level 3. HP: 8/19 MP: 1/9
   508 | D:1      | Learned a level 3 spell: Conjure Flame
   901 | D:2      | Found a shattered altar of Ashenzari.
   902 | D:2      | Found a sacrificial altar of Ru.
   902 | D:2      | Found a hazy altar of Hepliaklqana.
   902 | D:2      | Found a deep blue altar of Sif Muna.
   908 | D:2      | Found a shadowy altar of Dithmenos.
   908 | D:2      | Found an ancient bone altar of Kikubaaqudgha.
   979 | D:2      | Reached XP level 4. HP: 24/24 MP: 8/11
   985 | D:2      | Learned a level 4 spell: Sticky Flame
  1183 | D:2      | Noticed a +0 dagger
  1184 | D:2      | Found a hide-covered altar of Uskayaw.
  1184 | D:2      | Noticed a +0 hand axe
  1206 | D:2      | Found a faded altar of an unknown god.
  1344 | D:2      | Found a glowing golden altar of the Shining One.
  1425 | D:3      | Reached XP level 5. HP: 28/28 MP: 5/13
  1717 | D:3      | Reached skill level 5 in Fire Magic
  2134 | D:4      | Noticed a phantom
  2141 | D:4      | Killed a phantom
  2141 | D:4      | Reached XP level 6. HP: 32/32 MP: 6/15
  2148 | D:4      | Learned a level 5 spell: Fireball
  2225 | D:4      | Found a burning altar of Makhleb.
  2313 | D:5      | Entered Level 5 of the Dungeon
  2321 | D:5      | Reached skill level 5 in Spellcasting
  2536 | D:5      | Reached skill level 5 in Conjurations
  2536 | D:5      | Reached XP level 7. HP: 16/36 MP: 16/16
  2586 | D:5      | Found a sand-covered staircase.
  2613 | D:5      | Reached skill level 1 in Evocations
  2643 | D:5      | Found a staircase to the Ecumenical Temple.
  2681 | Ossuary  | Entered an ossuary
  3037 | Ossuary  | Reached XP level 8. HP: 18/41 MP: 0/18
  3516 | Temple   | Entered the Ecumenical Temple
  3523 | Temple   | Became a worshipper of Vehumet
  3744 | D:5      | Found an opulent altar of Gozag.
  4048 | D:5      | Found a runed translucent door.
  4049 | D:5      | Noticed Crazy Yiuf
  4055 | D:5      | Killed Crazy Yiuf
  4579 | D:6      | Found a runed translucent gate.
  4579 | D:6      | Found a runed translucent gate.
  4580 | D:6      | Found an opulent altar of Gozag.
  4580 | D:6      | Found a runed translucent gate.
  4583 | D:6      | Noticed Azzok's ghost (novice FoFi)
  4748 | D:6      | Reached XP level 9. HP: 42/45 MP: 15/21
  5083 | D:7      | Found the +3 Elemental Staff {rElec rF++ rC++ MR++ AC+5}
  5171 | D:7      | Reached * piety under Vehumet
  5171 | D:7      | Offered knowledge of Sting by Vehumet.
  6206 | D:7      | Reached skill level 10 in Fire Magic
  6547 | D:8      | Offered knowledge of Searing Ray by Vehumet.
  6547 | D:8      | Reached XP level 10. HP: 50/50 MP: 16/24
  6567 | D:8      | Reached ** piety under Vehumet
  6699 | D:8      | Found Valuc's Antique Armour Shoppe.
  6794 | D:8      | Learned a level 1 spell: Shock
  6811 | D:8      | Found Iluqeof's Weapon Emporium.
  6877 | D:8      | Found Kilu's General Store.
  6886 | D:8      | Bought a potion of curing for 36 gold pieces
  6886 | D:8      | Bought a potion of berserk rage for 60 gold pieces
  6894 | D:8      | Learned a level 5 spell: Lightning Bolt
  6989 | D:8      | Noticed a death yak
  6991 | D:8      | Noticed a death yak
  6994 | D:8      | Noticed a death yak
  6999 | D:8      | Killed a death yak
  6999 | D:8      | Reached skill level 1 in Fighting
  6999 | D:8      | Reached skill level 10 in Conjurations
  6999 | D:8      | Killed a death yak
  7136 | D:8      | Found a staircase to the Lair.
  7151 | D:8      | Killed a death yak
  7530 | D:9      | Noticed Harold
  7541 | D:9      | Killed Harold
  7731 | D:9      | Noticed a two-headed ogre
  7734 | D:9      | Killed a two-headed ogre
  7847 | D:9      | Reached XP level 11. HP: 57/57 MP: 19/26
  7917 | D:9      | Found a staircase to the Orcish Mines.
  8291 | D:9      | Found a roughly hewn altar of Beogh.
  8293 | D:9      | Offered knowledge of Ignite Poison by Vehumet.
  8295 | D:9      | Reached skill level 5 in Dodging
  8501 | D:9      | Reached *** piety under Vehumet
  8502 | D:9      | Reached skill level 10 in Spellcasting
  8516 | D:9      | Paralysed by a hornet for 2 turns
  8516 | D:9      | Reached skill level 5 in Evocations
  8947 | D:10     | Entered Level 10 of the Dungeon
  8960 | D:9      | Offered knowledge of Mephitic Cloud by Vehumet.
  8967 | D:9      | Learned a level 3 spell: Mephitic Cloud
  8973 | D:9      | Learned a level 4 spell: Summon Lightning Spire
  9060 | D:10     | Noticed an unseen horror
  9063 | D:10     | Killed an unseen horror
  9066 | D:10     | Noticed Snorg
  9542 | D:10     | Killed Snorg
  9699 | D:10     | Reached **** piety under Vehumet
 10084 | D:11     | Offered knowledge of Yara's Violent Unravelling by Vehumet.
 10172 | D:11     | Reached skill level 1 in Armour
 10172 | D:11     | Reached skill level 1 in Shields
 10250 | D:11     | Reached XP level 12. HP: 62/62 MP: 20/28
 10484 | D:11     | Noticed Maurice
 10486 | D:11     | Killed Maurice
 11110 | D:12     | Noticed a two-headed ogre
 11204 | D:12     | Killed a two-headed ogre
 11332 | D:12     | Reached ***** piety under Vehumet
 11333 | D:12     | Offered knowledge of Spellforged Servitor by Vehumet.
 11540 | D:12     | Learned a level 7 spell: Spellforged Servitor
 11567 | D:12     | Noticed Josephine
 11570 | D:12     | Noticed Kirke
 11579 | D:12     | Killed Kirke
 11579 | D:12     | Killed Josephine
 12123 | D:13     | Noticed a two-headed ogre
 12125 | D:13     | Killed a two-headed ogre
 12309 | D:13     | Noticed a four-headed hydra
 12311 | D:13     | Killed a four-headed hydra
 12434 | D:13     | Noticed Sonja
 12436 | D:13     | Killed Sonja
 12440 | D:13     | Noticed a five-headed hydra
 12440 | D:13     | Noticed Erolcha
 12521 | D:13     | Noticed a tengu warrior
 12524 | D:13     | Killed a tengu warrior
 12524 | D:13     | Reached XP level 13. HP: 55/66 MP: 30/30
 12878 | D:13     | Killed Erolcha
 13803 | D:14     | Found a gate leading to a gauntlet.
 13812 | Gauntlet | Entered a Gauntlet
 13812 | Gauntlet | Found a transporter.
 13812 | Gauntlet | Found a transporter.
 13812 | Gauntlet | Found a transporter.
 13821 | Gauntlet | Found a transporter.
 13839 | Gauntlet | Found a transporter.
 13875 | Gauntlet | Found a transporter.
 13918 | Gauntlet | Found a transporter.
 13923 | Gauntlet | Got a twisted cloak
 13929 | Gauntlet | Found a transporter.
 13931 | Gauntlet | Found the ring of Phasing {EV+8}
 13964 | Gauntlet | Found a transporter.
 14063 | Gauntlet | Found a transporter.
 14118 | Gauntlet | Found a transporter.
 14190 | Gauntlet | Noticed a minotaur
 14198 | Gauntlet | Killed a minotaur
 14307 | Gauntlet | Identified the +2 cloak of Absolutism {+Blink rF+ Int+3}
                  | (You found it in a Gauntlet)
 14547 | D:14     | Found Towk's Gadget Emporium.
 14684 | D:14     | Offered knowledge of Lee's Rapid Deconstruction by Vehumet.
 15253 | D:14     | Reached XP level 14. HP: 50/72 MP: 3/32
 15556 | D:14     | Found a gate to the Vaults.
 15637 | D:15     | Entered Level 15 of the Dungeon
 15785 | D:15     | Found a portal to a secret trove of treasure.
 15870 | D:15     | Reached skill level 15 in Fire Magic
 16312 | D:15     | Got a twisted hunting sling
 16408 | D:15     | Found a staircase to the Depths.
 16479 | D:15     | Identified a scroll of acquirement
 16629 | D:15     | Reached skill level 10 in Dodging
 16643 | D:15     | Learned a level 6 spell: Freezing Cloud
 16872 | D:15     | Found a runed translucent gate.
 16872 | D:15     | Found a runed translucent gate.
 16872 | D:15     | Found a runed translucent gate.
 16872 | D:15     | Noticed KristoblXynda's ghost (journeyman DrGl)
 16873 | D:15     | Noticed deorigin's ghost (journeyman CeHu)
 16873 | D:15     | Noticed nikopol's ghost (journeyman DEFE)
 16873 | D:15     | Noticed akello96's ghost (journeyman DEFE)
 17025 | D:15     | Identified the ring "Goisos" {-Tele rF++ Dex+2 Stlth+}
 17026 | D:15     | Paralysed by an ogre mage for 3 turns
 17038 | D:15     | Offered knowledge of Iron Shot by Vehumet.
 17563 | D:6      | Reached skill level 15 in Conjurations
 17563 | D:6      | Reached skill level 1 in Ice Magic
 17563 | D:6      | Killed Azzok's ghost
 17709 | Lair:1   | Entered Level 1 of the Lair of Beasts
 18045 | Lair:1   | Noticed Protee's ghost (novice GnSk)
 18080 | Lair:1   | Found a runed translucent door.
 18109 | Lair:1   | Identified the +8 hunting sling of the Nine Runes {freeze,
                  | *Slow rN+ SInv} (You found it on level 15 of the Dungeon)
 20071 | Lair:4   | Found a staircase to the Snake Pit.
 20153 | Lair:4   | Reached skill level 15 in Spellcasting
 20160 | Lair:4   | Noticed Nessos
 20163 | Lair:4   | Killed Nessos
 20320 | Lair:4   | Noticed Vuydghur's ghost (adept DrCj)
 20321 | Lair:4   | Found a transporter.
 20329 | Lair:4   | Found a transporter.
 20357 | Lair:4   | Reached XP level 15. HP: 76/76 MP: 36/36
 20550 | Lair:4   | Learned a level 6 spell: Iron Shot
 20646 | Lair:4   | Offered knowledge of Irradiate by Vehumet.
 20691 | Lair:4   | Reached skill level 1 in Summonings
 20849 | Lair:4   | Found a staircase to the Swamp.
 20886 | Swamp:1  | Entered Level 1 of the Swamp
 21723 | Lair:5   | Found a runed translucent gate.
 21724 | Lair:5   | Found a runed translucent gate.
 21727 | Lair:5   | Found a runed translucent gate.
 21727 | Lair:5   | Noticed nikopol's ghost (journeyman DEFE)
 22034 | Lair:6   | Entered Level 6 of the Lair of Beasts
 22036 | Lair:6   | Reached skill level 10 in Evocations
 22556 | Lair:6   | Found a viscous altar of Jiyva.
 22556 | Lair:6   | Found a staircase to the Slime Pits.
 23189 | Lair:6   | Identified Sif Muna's Collected Works on Cloudy Clay
 23583 | Orc:1    | Entered Level 1 of the Orcish Mines
 23808 | Orc:1    | Reached ****** piety under Vehumet
 23863 | Orc:1    | Found a transporter.
 23881 | Orc:1    | Offered knowledge of Bolt of Fire by Vehumet.
 23887 | Orc:1    | Found a transporter.
 23887 | Orc:1    | Noticed Gruesome's ghost (journeyman OpMo)
 23888 | Orc:1    | Identified the cursed +3 great mace "Goblinbane" {crush,
                  | rF++}
 23888 | Orc:1    | Identified the +6 great mace "Yggewus" {distort, rPois rF-
                  | Dex+3}
 23903 | Orc:1    | Found a burning altar of Makhleb.
 24146 | Orc:2    | Entered Level 2 of the Orcish Mines
 24243 | Orc:2    | Noticed Jorgrun
 24247 | Orc:2    | Killed Jorgrun
 24340 | Orc:2    | Noticed an orc warlord
 24354 | Orc:2    | Killed an orc warlord
 24415 | Orc:2    | Found a staircase to the Elven Halls.
 24452 | Orc:2    | Reached XP level 16. HP: 84/84 MP: 38/38
 24556 | Orc:2    | Noticed Rupert
 24568 | Orc:2    | Killed Rupert
 24610 | Orc:2    | Learned a level 6 spell: Bolt of Fire
 24681 | Orc:2    | Offered knowledge of Poison Arrow by Vehumet.
 24744 | Orc:2    | Found Cekuetuxug's Jewellery Emporium.
 24744 | Orc:2    | Found Ephiw's Distillery.
 24746 | Orc:2    | Found Wungop's Distillery.
 24746 | Orc:2    | Found Daqyvi's Antique Armour Boutique.
 24757 | Orc:2    | Bought a potion of lignification for 39 gold pieces
 24757 | Orc:2    | Bought a potion of mutation for 104 gold pieces
 24757 | Orc:2    | Bought a potion of agility for 52 gold pieces
 24757 | Orc:2    | Bought a potion of curing for 39 gold pieces
 24757 | Orc:2    | Bought a potion of curing for 39 gold pieces
 24757 | Orc:2    | Bought a potion of curing for 39 gold pieces
 24757 | Orc:2    | Bought a potion of might for 52 gold pieces
 24757 | Orc:2    | Bought a potion of curing for 39 gold pieces
 24757 | Orc:2    | Bought a potion of brilliance for 52 gold pieces
 24760 | Orc:2    | Bought a potion of ambrosia for 144 gold pieces
 24760 | Orc:2    | Bought a potion of curing for 54 gold pieces
 24760 | Orc:2    | Bought a potion of cancellation for 144 gold pieces
 24760 | Orc:2    | Bought a potion of heal wounds for 90 gold pieces
 24760 | Orc:2    | Bought a potion of cancellation for 144 gold pieces
 24760 | Orc:2    | Bought a potion of flight for 54 gold pieces
 24760 | Orc:2    | Bought a potion of mutation for 144 gold pieces
 24760 | Orc:2    | Bought a potion of curing for 54 gold pieces
 24760 | Orc:2    | Bought 2 potions of mutation for 288 gold pieces
 24760 | Orc:2    | Bought a potion of might for 72 gold pieces
 24762 | Orc:2    | Bought a cursed amulet of inaccuracy for 30 gold pieces
 24762 | Orc:2    | Bought a cursed ring of attention for 67 gold pieces
 24762 | Orc:2    | Bought a cursed ring of teleportation for 67 gold pieces
 24764 | Orc:2    | Bought a +6 amulet of reflection for 877 gold pieces
 25066 | Orc:2    | Noticed Donald
 25074 | Orc:2    | Killed Donald
 25560 | Swamp:1  | Found a transporter.
 25600 | Swamp:1  | Found a transporter.
 25621 | Swamp:1  | Got a smoking steel ring
 25631 | Swamp:1  | Got a heavily runed amber ring
 25871 | Swamp:3  | Noticed Mara
 25874 | Swamp:3  | Noticed Arthanis's illusion
 25919 | Swamp:2  | Identified the ring "Temocoud" {*Contam MR+ Int+8 Stlth+}
                  | (You found it on level 1 of the Swamp)
 25997 | Swamp:2  | Noticed a thorn hunter
 26000 | Swamp:2  | Noticed a thorn hunter
 26004 | Swamp:2  | Killed a thorn hunter
 26010 | Swamp:2  | Killed a thorn hunter
 26061 | Swamp:2  | Found a transporter.
 26061 | Swamp:2  | Found a transporter.
 26167 | Swamp:4  | Entered Level 4 of the Swamp
 26299 | Swamp:4  | Noticed a thorn hunter
 26308 | Swamp:4  | Killed a thorn hunter
 26524 | Swamp:4  | Offered knowledge of Orb of Destruction by Vehumet.
 26534 | Swamp:4  | Learned a level 7 spell: Orb of Destruction
 26792 | Swamp:4  | Noticed a thorn hunter
 26799 | Swamp:4  | Killed a thorn hunter
 26799 | Swamp:4  | Reached XP level 17. HP: 59/88 MP: 2/39
 26963 | Swamp:4  | Got a decaying rune of Zot
 27216 | Snake:1  | Entered Level 1 of the Snake Pit
 27224 | Snake:1  | Got a brightly glowing steel ring
 27377 | Snake:1  | Learned a level 3 spell: Regeneration
 28062 | Snake:2  | Noticed Vashnia
 28164 | Snake:4  | Entered Level 4 of the Snake Pit
 28370 | Snake:4  | Found a transporter.
 28373 | Snake:4  | Found a transporter.
 28373 | Snake:4  | Noticed Tribosh's ghost (adept MiBe)
 28417 | Snake:4  | Offered knowledge of Fire Storm by Vehumet.
 28417 | Snake:4  | Offered knowledge of Glaciate by Vehumet.
 28417 | Snake:4  | Offered knowledge of Ignition by Vehumet.
 28469 | Snake:4  | Learned a level 8 spell: Ignition
 28500 | Snake:4  | Identified the ring "Sompirr" {+Blink rF+ MR+ rCorr} (You
                  | found it on level 1 of the Snake Pit)
 28501 | Snake:4  | Identified the ring of Runam {rPois Str+2} (You found it on
                  | level 1 of the Swamp)
 29039 | Snake:4  | Reached XP level 18. HP: 94/94 MP: 3/41
 29174 | Snake:4  | Got a serpentine rune of Zot
 29361 | Lair:6   | Learned a level 9 spell: Fire Storm
 29364 | Slime:1  | Entered Level 1 of the Pits of Slime
 29962 | Slime:5  | Entered Level 5 of the Pits of Slime
 29986 | Slime:5  | Noticed the Royal Jelly
 29989 | Slime:5  | Killed the Royal Jelly
 30023 | Slime:5  | HP: 3/94 [acid (15)]
 30024 | Slime:5  | Killed from afar by an acid blob

Levels and vault maps discovered:
D:1:      dpeg_arrival_rooms_with_view, layout_basic
D:2:      cheibrodos_old_hovel, layout_basic, dancing_weapons_uskayaw,
          lemuel_coloured_pillars_altar, minmay_overflow_temple_hex,
          chequers_ecumenical_altar_island, st_stairs_1,
          minmay_misc_feat_hallway, minmay_misc_feat_plants
D:3:      layout_rooms, grunt_ministairs_14
D:4:      layout_rooms, kennysheep_little_box
D:5:      layout_basic, grunt_gozag_statues, minmay_temple_entry_glass,
          nicolae_ossuary_entry_catacombs, first_ration, uniq_crazy_yiuf_cottage
D:6:      layout_loops_ring, ebering_ghost_gozag
D:7:      layout_layer_cave, grunt_livestock, grunt_tough_drop
D:8:      layout_basic, dpeg_lair_monsters, serial_shops, nicolae_shop_stone,
          shop, shop, minivault_14
D:9:      layout_stronghold, minmay_orc_entry_temple_small, hive_lemuel,
          uniq_harold
D:10:     layout_cave_pools, uniq_snorg
D:11:     layout_loops_ring, disabler_island, uniq_maurice
D:12:     layout_loops_ring, uniq_kirke, uniq_josephine
D:13:     layout_layer_cave, uniq_erolcha, uniq_sonja
D:14:     layout_cave_pools, david_vaults_5, serial_shops, shop,
          grunt_decor_resistance, gauntlet_entry_generic, roderic_lattice_a,
          hangedman_weighted_door
D:15:     grunt_enter_depths_magical_seal, layout_layer_cave, enter_trove_6,
          gammafunk_ghost_cemetery
Temple:   nicolae_temple_no_exploring_needed
Lair:1:   layout_misc_corridors, hellmonk_ghost_happy_afterlife, st_stairs_11,
          dpeg_stationary_puzzle
Lair:2:   layout_cave_pods, lemuel_fruit_tree
Lair:3:   layout_gridlike, mumra_transporter_accident, grunt_megastairs_4
Lair:4:   layout_gridlike, nicolae_swamp_entry_splash_gauntlet,
          minmay_snake_entry_six_corridors, gammafunk_ghost_arena,
          serial_bayou_lagoon_a, lemuel_fruit_fields, uniq_nessos
Lair:5:   layout_regular_city, ebering_ghost_rock_garden, st_stairs_11
Lair:6:   due_jungle_book, layout_cave_pods, dpeg_slime_entry_enclosed_altar
Swamp:1:  gammafunk_its_a_trap, layout_basic_swamp,
          nicolae_swamp_feature_on_the_river_bank
Swamp:2:  gammafunk_the_bubble [the_bubble_gammafunk_plus_minus],
          layout_basic_swamp, evilmike_swamp_ruin_house_6
Swamp:3:  layout_basic_swamp, hangedman_swamp_blocks, uniq_mara
Swamp:4:  swamp_fiery, layout_basic_swamp
Snake:1:  layout_rooms
Snake:2:  layout_basic, special_room, uniq_vashnia
Snake:3:  layout_basic
Snake:4:  minmay_snake_end_coiled, layout_misc_corridors, gammafunk_ghost_arena,
          nicolae_snake_double_loop
Slime:1:  layout_caves
Slime:2:  layout_caves
Slime:3:  layout_caves
Slime:4:  layout_caves
Slime:5
Orc:1:    layout_caves, basic_altar, gammafunk_ghost_smash
Orc:2:    grunt_orc_tribal_feast, layout_caves, uniq_rupert, uniq_donald,
          uniq_jorgrun

Skill      XL: |  1  2  3  4  5  6  7  8  9 10 11 12 13 14 15 16 17 18 |
---------------+-------------------------------------------------------+-----
Conjurations   | 2 3 4 5 6 7 9 10 12 14 15 16 17 19 | 19.1
Fire Magic     | 4 5 6 7 8 10 11 12 13 14 15 16 17 18 19 | 19.3
Spellcasting   | 4 5 7 8 9 10 11 12 15 16 17 18 | 18.4
Evocations     | 2 4 6 7 8 10 12 | 12.3
Fighting       | 2 4 |  4.0
Dodging        | 4 6 7 9 10 11 13 | 13.1
Stealth        | 3 |  3.1
Armour         | 1 2 |  2.1
Shields        | 1 4 |  4.3
Ice Magic      | 2 4 |  4.1
Summonings     | 2 |  2.0

Action                   |  1- 3 |  4- 6 |  7- 9 | 10-12 | 13-15 | 16-18 || total
-------------------------+-------+-------+-------+-------+-------+-------++-------
Melee: Short sword       |    13 |       |       |       |       |       ||    13
       Dagger            |     3 |    16 |    13 |       |       |       ||    32
       Rapier            |       |     4 |     8 |       |       |       ||    12
       Quarterstaff      |       |       |    18 |       |       |       ||    18
       Staff             |       |       |    10 |     7 |    29 |     3 ||    49
       Trident           |       |       |       |     3 |       |       ||     3
 Cast: Flame Tongue      |    72 |   107 |   202 |   235 |   239 |    67 ||   922
       Sticky Flame      |       |     1 |    21 |    31 |    95 |    22 ||   170
       Conjure Flame     |       |     1 |    11 |    14 |    11 |     2 ||    39
       Fireball          |       |       |    11 |    97 |   355 |   305 ||   768
       Shock             |       |       |       |    22 |     9 |     5 ||    36
       Summon Lightning  |       |       |       |     9 |    22 |     7 ||    38
       Mephitic Cloud    |       |       |       |     5 |     8 |     4 ||    17
       Lightning Bolt    |       |       |       |     7 |    12 |     1 ||    20
       Spellforged Servi |       |       |       |       |     1 |    23 ||    24
       Orb of Destructio |       |       |       |       |       |    40 ||    40
       Iron Shot         |       |       |       |       |       |     6 ||     6
       Freezing Cloud    |       |       |       |       |       |     9 ||     9
       Regeneration      |       |       |       |       |       |    34 ||    34
       Ignition          |       |       |       |       |       |    19 ||    19
       Bolt of Fire      |       |       |       |       |       |     5 ||     5
       Fire Storm        |       |       |       |       |       |    40 ||    40
 Abil: Evoke Blink       |       |       |       |       |     1 |     2 ||     3
Evoke: Wand              |       |     1 |     1 |    11 |     7 |     1 ||    21
       Staff of energy   |       |       |       |       |    34 |   529 ||   563
  Use: Scroll            |       |     8 |     7 |     8 |    21 |    14 ||    58
       Potion            |       |       |       |       |     3 |     5 ||     8
 Stab: Sleeping          |       |     1 |     3 |       |       |       ||     4
  Eat: Chunk             |       |     7 |    17 |    24 |    39 |    10 ||    97
       Ration            |       |       |     2 |       |       |    12 ||    14
Armor: Robe              |     5 |     6 |    16 |     9 |       |       ||    36
       Troll leather arm |       |       |       |    19 |    42 |    26 ||    87
Dodge: Dodged            |    23 |    42 |    74 |    62 |   196 |   131 ||   528
Block: Buckler           |       |       |       |     5 |    50 |    71 ||   126
       Reflection        |       |       |       |       |       |    18 ||    18

Table legend:
 A = Non-vault XP
 B = Vault XP
 C = Vault XP percentage of total XP
 D = Non-vault monster count
 E = Vault monster count
 F = Vault count percentage of total count
                 A         B        C        D         E       F
            +---------+---------+-------+---------+---------+-------
      Total |  249987 |  115562 |  31.6 |     903 |     290 |  24.3
            +---------+---------+-------+---------+---------+-------
        D:1 |      59 |       2 |   3.3 |      33 |       2 |   5.7
        D:2 |      86 |      16 |  15.7 |      20 |       3 |  13.0
        D:3 |     115 |       2 |   1.7 |      34 |       2 |   5.6
        D:4 |     251 |       0 |   0.0 |       9 |       0 |   0.0
        D:5 |     464 |     307 |  39.8 |      11 |       7 |  38.9
        D:6 |     626 |    1672 |  72.8 |      20 |       4 |  16.7
        D:7 |    1406 |    1049 |  42.7 |      32 |       6 |  15.8
        D:8 |     847 |    2642 |  75.7 |      24 |       4 |  14.3
        D:9 |    2287 |    4699 |  67.3 |      18 |      28 |  60.9
       D:10 |    3280 |     981 |  23.0 |      38 |       1 |   2.6
       D:11 |    3259 |    1121 |  25.6 |      33 |       5 |  13.2
       D:12 |    4362 |    4800 |  52.4 |      24 |      10 |  29.4
       D:13 |    9961 |    1834 |  15.5 |      28 |       2 |   6.7
       D:14 |   13896 |    6037 |  30.3 |      50 |      13 |  20.6
       D:15 |    8732 |    6139 |  41.3 |      30 |      10 |  25.0
     Lair:1 |    5105 |     919 |  15.3 |      27 |       2 |   6.9
     Lair:2 |    3427 |       0 |   0.0 |      12 |       0 |   0.0
     Lair:3 |    3807 |      85 |   2.2 |      16 |       1 |   5.9
     Lair:4 |    8430 |    2445 |  22.5 |      40 |      16 |  28.6
     Lair:5 |    6497 |    1629 |  20.0 |      16 |       4 |  20.0
     Lair:6 |   15396 |    2822 |  15.5 |      36 |       5 |  12.2
    Swamp:1 |    9501 |    2143 |  18.4 |      19 |       6 |  24.0
    Swamp:2 |   14762 |       0 |   0.0 |      24 |       0 |   0.0
    Swamp:3 |    2597 |       0 |   0.0 |      12 |       0 |   0.0
    Swamp:4 |   18037 |   14980 |  45.4 |      44 |      22 |  33.3
    Snake:1 |    2261 |       0 |   0.0 |       4 |       0 |   0.0
    Snake:2 |   15364 |    1663 |   9.8 |      29 |       2 |   6.5
    Snake:3 |   10032 |       0 |   0.0 |      16 |       0 |   0.0
    Snake:4 |   17076 |   21703 |  56.0 |      40 |      43 |  51.8
    Slime:1 |    6845 |       0 |   0.0 |      11 |       0 |   0.0
    Slime:2 |   16157 |       0 |   0.0 |      19 |       0 |   0.0
    Slime:3 |   22362 |       0 |   0.0 |      37 |       0 |   0.0
    Slime:4 |    4941 |       0 |   0.0 |       8 |       0 |   0.0
    Slime:5 |    5561 |   17345 |  75.7 |      17 |       5 |  22.7
      Orc:1 |    4036 |       0 |   0.0 |      17 |       0 |   0.0
      Orc:2 |    8162 |   13144 |  61.7 |      55 |      33 |  37.5
    Ossuary |       0 |     955 | 100.0 |       0 |      35 | 100.0
   Gauntlet |       0 |    4428 | 100.0 |       0 |      19 | 100.0
            +---------+---------+-------+---------+---------+-------
